 Dungeon Crawl Stone Soup version 0.16-a0-347-ge97bf62 (webtiles) character file.

351 PolkaDot the Caller (level 6, 0/41 HPs)
             Began as a Vampire Summoner on Sept 9, 2014.
             Succumbed to a worker ant's poison
             ... on Level 5 of the Dungeon.
             The game lasted 00:13:46 (3494 turns).

PolkaDot the Caller (Vampire Summoner)              Turns: 3494, Time: 00:13:46

HP   0/41        AC  3     Str  7      XL: 6   Next: 34%
MP   9/10        EV 18     Int 19      God:
Gold 228         SH  0     Dex 19      Spells:  3 memorised,  3 levels left

rFire  . . .     SeeInvis +     n - +0 spear
rCold  . . .     Clarity  .     a - +0 robe
rNeg   . . .     rCorr    .     (no shield)
rPois  .         rRot     .     (no helmet)
rElec  .         Spirit   .     d - +0 cloak
SustAb .         Warding  .     (no gloves)
rMut   .         Stasis   .     (no boots)
Gourm  .                        (no amulet)
MR     .....                    o - ring of wizardry
                                e - ring of invisibility

@: agile, lethally poisoned, exhausted, very slightly contaminated, regenerating
quickly, slowed, very slow, not resistant to hostile enchantments, stealthy
A: bottle blood, fangs 3, see invisible, unbreathing
a: Bottle Blood, Evoke Invisibility


You were on level 5 of the Dungeon.
You were very full.

You visited 1 branch of the dungeon, and saw 5 of its levels.
You also visited: Sewer.

You collected 228 gold pieces.

Inventory:

Hand weapons
 n - a +0 spear (weapon)
Armour
 a - a +0 robe (worn)
 d - a +0 cloak (worn)
Scrolls
 c - 2 scrolls of identify
 k - 4 scrolls of teleportation {unknown}
 l - 2 scrolls of recharging {unknown}
 m - 3 scrolls of remove curse {unknown}
 p - a scroll of enchant armour {unknown}
Jewellery
 e - a ring of invisibility (left hand)
 g - an uncursed ring of sustain abilities
 o - a ring of wizardry (right hand)
Potions
 h - a potion of might
 i - 2 potions of lignification
 r - a potion of brilliance
Books
 b - a book of Callings

   Spells                             Type                      Level
   *Summon Small Mammal               Summoning                    1
   *Call Imp                          Summoning                    2
   *Call Canine Familiar              Summoning                    3
   Summon Guardian Golem              Hexes/Summoning              4
   Summon Lightning Spire             Summoning/Air                4
   Summon Ice Beast                   Ice/Summoning                4


   Skills:
 - Level 2.1 Dodging
 - Level 3.0 Stealth
 - Level 2.0 Spellcasting
 * Level 7.7 Summonings


You had 3 spell levels left.
You knew the following spells:

 Your Spells              Type           Power        Failure   Level  Hunger
a - Summon Small Mammal   Summ           ####         1%          1    #......
d - Call Canine Familiar  Summ           ####....     1%          3    ####...
s - Call Imp              Summ           ####....     1%          2    ##.....


Dungeon Overview and Level Annotations

Branches:
Dungeon (5/15)
 Temple: D:4-7

Altars:
Elyvilon
Kikubaaqudgha
Xom


Innate Abilities, Weirdness & Mutations

Your natural rate of healing is unusually fast.
You can bottle blood from corpses.
You have razor-sharp teeth.
You have supernaturally acute eyesight.
You can survive without breathing.


Message History

You are exhausted.
You stop draining the corpse.
All blood oozes out of the corpse!
You feel yourself slow down.
There's nothing here to drain!
There is a lethal amount of poison in your body!
Unknown command.
Unknown command.
Drink which item? (? for menu, Esc to quit)
Okay, then.
Read which item? (? for menu, Esc to quit)
Okay, then.
Read which item? (? for menu, Esc to quit)
Blink to where?
Press: ? - help, Dir - move target cursor
As you read the scroll of blinking, it crumbles to dust.
You are very lightly contaminated with residual magic.
* * * LOW HITPOINT WARNING * * *
You feel sick.
You open the door.
You die...

*,*,,,,,*,*,*,,**,* *,,,
*,*****,*,*,,,,**+*********
*,**,**,*,**,,,,,,,**,,,,,,
*,*,,**,,,**,,,,,,,**,*****
*,*,,********,,,,,,**,*,,,,
*,*,,* *,,,#****,*,*** *,,,,*
*,..#,,,,,*,*,,
**#.#########...#,*****,*,*
#.......@.....#.*,,,,,,<*
**#######..h............#*,,,,*,*
,,..#.).....###'###.>##.,,,,,,,,*
###.#.####..# #.# *,.#*,*********
..#.#)####,,#*#.#**,,#*,*,,,,,,,,
#.#.#....#,,+,._.,+,,**,*,,,,,,,*
#.#.####.#,,**###**,,**,,,,,***+*
#.#.# #.#*,* ### *,,******,,,,,,
#.#.####.#*,**###**,,* *,,,,,,


You could see a friendly hound.

Vanquished Creatures
  Sigmund (D:2)
  An orc priest (D:5)
  3 adders
  5 worms
  7 orcs
  11 bats
  2 giant cockroaches
  6 goblins
  12 hobgoblins
  3 jackals
  A ball python (D:3)
  2 giant geckos (D:2)
  3 giant newts
  11 kobolds
  11 rats
79 creatures vanquished.

Vanquished Creatures (collateral kills)
  A crocodile (Sewer)
  2 orc priests
  A worker ant (D:5)
  Jessica (D:3)
  2 adders
  A giant mite (D:4)
  2 worms (D:3)
  A giant gecko (D:4)
  A bat (D:3)
  A giant cockroach (D:2)
  A goblin (D:3)
  A hobgoblin (D:2)
  2 kobolds
  A jackal (D:3)
18 creatures vanquished.

Vanquished Creatures (others)
  A hound (D:5)
  A rat (D:1)
2 creatures vanquished.

Grand Total: 99 creatures vanquished

Notes
Turn   | Place    | Note
--------------------------------------------------------------
     0 | D:1      | PolkaDot, the Vampire Summoner, began the quest for the Orb.
     0 | D:1      | Reached XP level 1. HP: 13/13 MP: 3/3
     2 | D:1      | Noticed a ghoul
     2 | D:1      | Noticed a formicid
     4 | D:1      | Noticed a dwarf
     6 | D:1      | Noticed a vine stalker
     8 | D:1      | Noticed a vampire
    10 | D:1      | Noticed a merfolk
    10 | D:1      | Noticed a felid
    12 | D:1      | Noticed a centaur
    14 | D:1      | Noticed a human
    14 | D:1      | Noticed a demonspawn
    16 | D:1      | Noticed a demigod
    16 | D:1      | Noticed a gargoyle
    18 | D:1      | Noticed a spriggan
    18 | D:1      | Noticed an ogre
    20 | D:1      | Noticed an octopode
    20 | D:1      | Noticed a minotaur
    22 | D:1      | Noticed a draconian
    22 | D:1      | Noticed a naga
    24 | D:1      | Noticed a tengu
    26 | D:1      | Noticed an elf
    26 | D:1      | Noticed a troll
   499 | D:1      | Reached XP level 2. HP: 19/19 MP: 4/4
   698 | D:1      | Learned a level 2 spell: Call Imp
  1015 | D:2      | Reached skill level 5 in Summonings
  1015 | D:2      | Reached XP level 3. HP: 24/24 MP: 6/6
  1263 | D:2      | Noticed Sigmund
  1281 | D:2      | HP: 1/24 [Sigmund/puff of flame (7)]
  1283 | D:2      | Killed Sigmund
  1283 | D:2      | Reached skill level 6 in Summonings
  1283 | D:2      | Reached XP level 4. HP: 1/30 MP: 7/7
  1453 | D:2      | Found a white marble altar of Elyvilon.
  1604 | D:2      | Found a shimmering altar of Xom.
  1707 | D:2      | Learned a level 3 spell: Call Canine Familiar
  1815 | D:2      | Reached XP level 5. HP: 10/35 MP: 5/9
  2014 | D:3      | Noticed Jessica
  2030 | D:3      | Killed Jessica
  2034 | D:3      | HP: 1/35 [poisoned by an adder]
  2538 | D:3      | Reached skill level 7 in Summonings
  3122 | D:4      | Found a glowing drain.
  3180 | Sewer    | Entered a sewer
  3234 | Sewer    | Reached XP level 6. HP: 17/41 MP: 1/10
  3418 | D:5      | Entered Level 5 of the Dungeon
  3484 | D:5      | HP: 1/41 [worker ant (6)]
  3492 | D:5      | HP: 1/41 [poisoned by a worker ant]
  3493 | D:5      | Found an ancient bone altar of Kikubaaqudgha.
  3494 | D:5      | Succumbed to a worker ant's poison

Action                   |  1- 3 |  4- 6 || total
-------------------------+-------+-------++-------
Melee: Short sword       |    82 |       ||    82
       Unarmed           |     4 |       ||     4
       Spear             |    36 |   253 ||   289
 Cast: Summon Small Mamm |     3 |       ||     3
       Call Imp          |     4 |     6 ||    10
       Call Canine Famil |       |    11 ||    11
  Use: Potion            |     4 |     3 ||     7
       Scroll            |     4 |     7 ||    11
 Stab: Sleeping          |     4 |     9 ||    13
       Distracted        |       |     1 ||     1
  Eat: Corpse            |     9 |    19 ||    28
